 Dungeon Crawl Stone Soup version 0.19.5 (console) character file.

77 Grinner the Ducker (level 4, 0/23 HPs)
             Began as a Spriggan Fighter on Mar 4, 2017.
             Slain by a gnoll
             ... wielding a +0 club
              (3 damage)
             ... on level 2 of the Dungeon.
             The game lasted 00:04:19 (2133 turns).

Grinner the Ducker (Spriggan Fighter)               Turns: 2133, Time: 00:04:19

Health: 0/23       AC:  2    Str: 13    XL:     4   Next: 14%
Magic:  5/5        EV: 19    Int:  9    God:
Gold:   127        SH:  9    Dex: 15    Spells: 0 memorised, 3 levels left

rFire  . . .     SeeInvis +     a - +0 rapier
rCold  . . .     Gourm    .     b - +0 robe
rNeg   . . .     Faith    .     c - +0 buckler
rPois  .         Spirit   .     (helmet restricted)
rElec  .         Reflect  +     (no cloak)
rCorr  .         Harm     .     (gloves unavailable)
MR     .....                    (boots unavailable)
Stlth  +.........               i - +3 amulet of reflection
                                (no ring)
                                (no ring)

@: very quick
A: unfitting armour, see invisible, herbivore 3, speed 3, slow metabolism 2
a: no special abilities


You were on level 2 of the Dungeon.
You were not hungry.

You visited 1 branch of the dungeon, and saw 3 of its levels.

You collected 127 gold pieces.

Inventory:

Hand Weapons
 a - a +0 rapier (weapon)
Armour
 b - a +0 robe (worn)
 c - a +0 buckler (worn)
Jewellery
 i - a +3 amulet of reflection (around neck)
Wands
 e - a wand of slowing (31/48)
Scrolls
 h - 2 scrolls of identify {unknown}
 m - a scroll of teleportation {unknown}
 n - a scroll of blinking {unknown}
Potions
 d - a potion of might
 l - a potion of haste
 o - a potion of heal wounds
Comestibles
 f - 3 bread rations
 g - 2 slices of pizza


   Skills:
 - Level 2.4 Fighting
 * Level 4.2 Short Blades
 - Level 4.4 Dodging
 + Level 2.7 Shields


You had 3 spell levels left.
You didn't know any spells.

Dungeon Overview and Level Annotations

Branches:
Dungeon (3/15)

Altars:

Annotations:
D:3 Ijyb; jjjjhere's ghost, amateur SpCK


Innate Abilities, Weirdness & Mutations

You are very small and have problems with some larger weapons.
You are too small for most types of armour.
You have supernaturally acute eyesight. (SInv)
You are a herbivore.
You cover ground extremely quickly.
You need consume almost no food.


Message History

a leather armour; a chain mail; an orc corpse
There is a stone staircase leading up here.
You start resting.
You climb upwards.
There is a stone staircase leading down here.
The gnoll barely misses you.
You hit the gnoll.
The gnoll is lightly wounded.
The gnoll barely misses you.
You hit the gnoll but do no damage.
The gnoll is lightly wounded.
You block the gnoll's attack.
You hit the gnoll but do no damage.
The gnoll is lightly wounded.
The gnoll hits you with a club!
* * * LOW HITPOINT WARNING * * *
You barely miss the gnoll.
The gnoll is lightly wounded.
The gnoll hits you with a club.
You die...

##########
.........###############
.........'..g..g@..>...#
.........#############.#
.........# #.#
.######### #.# .# #.# .#
#.# .# #.# .# ### #.# .#
#.###.#


You could see 2 gnolls.

Vanquished Creatures
  An adder (D:2)
  An ooze (D:1)
  A worm (D:2)
  A dart slug (D:2)
  2 leopard geckos
  3 orcs
  A ball python (D:1)
  11 bats
  2 giant cockroaches
  2 goblins
  4 hobgoblins
  8 jackals (D:2)
  3 kobolds
  A quokka (D:3)
  4 frilled lizards
  7 rats
52 creatures vanquished.

Vanquished Creatures (others)
  An orc (D:3)
1 creature vanquished.

Grand Total: 53 creatures vanquished

Notes
Turn   | Place    | Note
-------+----------+-------------------------------------------
     0 | D:1      | Grinner the Spriggan Fighter began the quest for the Orb.
     0 | D:1      | Reached XP level 1. HP: 11/11 MP: 2/2
   207 | D:1      | Reached XP level 2. HP: 10/16 MP: 3/3
   901 | D:2      | Reached XP level 3. HP: 8/19 MP: 4/4
  1585 | D:3      | Noticed jjjjhere's ghost (amateur SpCK)
  1587 | D:3      | Noticed Ijyb
  1767 | D:2      | Reached XP level 4. HP: 17/23 MP: 5/5
  2133 | D:2      | Slain by a gnoll

Skill      XL: |  1  2  3 |
---------------+----------+-----
Short Blades   | 3 4 |  4.2
Fighting       | |  2.4
Dodging        | |  4.4
Shields        | |  2.7

Action                   |  1- 3 |  4- 6 || total
-------------------------+-------+-------++-------
Melee: Rapier            |   147 |    36 ||   183
  Use: Potion            |     7 |       ||     7
 Stab: Sleeping          |     3 |       ||     3
Armor: Robe              |     9 |     2 ||    11
Dodge: Dodged            |    97 |    11 ||   108
Block: Buckler           |    66 |    16 ||    82
       Reflection        |     3 |       ||     3
